Map: Odyssey LE

Players

Dessa - Winner!

  • Race: Zerg Zerg
  • League: Diamond
  • Spawn Location: 11:00

TeiJha

  • Race: Protoss Protoss
  • League: Diamond
  • Spawn Location: 5:00

VOD

Have the link to the VOD?

Description

Time

  • Played on: Jan. 1, 2018, 2:50 p.m.
  • Length: 12:09
Show
View Real Time Build Order
Export as new Build Order

Dessa Zerg - Winner!

Build Orders: Pool First 

Get SALT Encoding   

  12  0:00  Drone  
  13  0:12  Overlord  
  13  0:17  Drone  
  14  0:31  Drone x2  
  14  0:34  Drone  
  17  1:07  Drone  
  17  1:10  Spawning Pool  
  17  1:25  Drone, Hatchery  
  18  1:29  Drone  
  18  1:30  Drone  
  19  1:35  Extractor  
  19  1:36  Overlord  
  18  1:57  Zergling x2, Queen  
  18  1:58  Zergling x2  
  22  2:09  Drone  
  23  2:20  Drone  
  24  2:35  Queen  
  24  2:36  Hatchery  
  25  2:38  Metabolic Boost  
  25  2:43  Drone x2  
  27  2:44  Drone  
  28  2:53  Queen  
  28  2:57  Drone  
  31  3:00  Drone  
  32  3:06  Drone  
  32  3:08  Drone  
  34  3:14  Overlord  
  34  3:38  Drone  
  34  3:39  Drone, Extractor  
  34  3:40  Drone x2, Overlord  
  37  3:43  Drone  
  37  3:44  Drone  
  39  3:49  Queen  
  39  3:54  Drone x5  
  46  4:03  Roach Warren  
  46  4:06  Drone  
  46  4:15  Pneumatized Carapace  
  46  4:19  Zergling x4  
  46  4:20  Zergling x8  
  52  4:33  Zergling x6, Overlord  
  52  4:35  Overlord  
  55  4:40  Drone x3  
  58  4:46  Lair  
  55  5:05  Drone x3  
  55  5:06  Drone x4, Evolution Chamber  
  62  5:07  Drone, Evolution Chamber  
  62  5:09  Drone x2, Extractor  
  62  5:11  Extractor  
  61  5:16  Overlord x2  
  61  5:20  Drone x2  
  63  5:22  Drone x2  
  64  5:42  Drone x3  
  67  5:43  Drone x3  
  67  5:47  Hydralisk Den  
  69  5:50  Drone  
  69  5:51  Overlord  
  69  5:53  Overlord  
  70  6:01  Zerg Ground Armor Level 1, Zerg Missile Weapons Level 1  
  70  6:07  Drone x2  
  70  6:08  Drone  
  73  6:11  Overlord  
  73  6:12  Overlord  
  73  6:16  Extractor  
  73  6:17  Extractor  
  71  6:21  Drone x3  
  71  6:22  Drone x2  
  71  6:23  Drone x3  
  71  6:24  Drone x2  
  81  6:28  Hatchery  
  81  6:29  Drone  
  81  6:30  Roach x4  
  89  6:44  Muscular Augments  
  89  6:51  Roach x2  
  89  6:52  Roach x2  
  89  6:53  Glial Reconstitution  
  97  7:03  Roach  
  97  7:04  Roach x4, Overlord  
  97  7:08  Overlord  
  107  7:13  Roach x3  
  113  7:16  Overlord x2  
  113  7:29  Hydralisk  
  115  7:30  Roach x3, Hydralisk  
  122  7:37  Extractor  
  119  7:47  Hydralisk x3  
  119  7:48  Roach x5, Hydralisk x4  
  119  7:49  Roach x3  
  145  8:06  Hydralisk x2  
  145  8:07  Hydralisk  
  145  8:08  Zerg Ground Armor Level 2, Zerg Missile Weapons Level 2  
  145  8:09  Overlord x2  
  151  8:24  Hydralisk x5  
  151  8:25  Hydralisk  
  149  8:28  Overlord x2  
  135  8:40  Queen  
  137  8:41  Hydralisk  
  137  8:42  Roach x3, Hydralisk x2  
  145  9:16  Drone  
  145  9:17  Drone  
  147  9:25  Infestation Pit  
  146  9:32  Drone x2  
  146  9:33  Drone x2  
  150  9:49  Hydralisk  
  150  9:50  Roach x2, Hydralisk  
  158  10:13  Roach  
  158  10:14  Roach x4  
  168  10:15  Overlord x2  
  162  10:38  Roach  
  162  10:39  Roach x4  
  170  11:10  Spire  
  169  11:20  Drone x2  
  169  11:21  Drone x3  
  174  11:27  Hatchery  
  174  11:30  Extractor  
  174  11:31  Extractor  
  171  11:36  Ravager x5  
  171  11:37  Ravager x4  
Show
View Real Time Build Order
Export as new Build Order

TeiJha Protoss 

Build Orders:  

Get SALT Encoding   

  12  0:00  Probe  
  13  0:13  Probe  
  14  0:18  Pylon  
  14  0:25  Probe  
  15  0:37  Gateway  
  15  0:39  Probe  
  16  0:46  Assimilator  
  16  0:51  Probe  
  17  0:57  Assimilator  
  17  1:10  Pylon  
  17  1:26  Cybernetics Core  
  17  1:28  Pylon  
  17  1:36  Probe (Chrono Boost)  
  18  1:45  Probe (Chrono Boost)  
  19  1:51  Gateway  
  19  1:52  Zealot  
  21  2:03  Warp Gate (Chrono Boost)  
  21  2:05  Shield Battery  
  21  2:08  Probe  
  22  2:15  Pylon  
  22  2:20  Probe  
  23  2:32  Sentry  
  25  2:42  Stalker  
  27  2:59  Nexus  
  27  3:05  Probe  
  28  3:15  Sentry  
  28  3:18  Adept  
  28  3:19  Probe  
  33  3:26  Twilight Council  
  33  3:33  Pylon  
  33  4:05  Adept  
  33  4:06  Adept  
  33  4:07  Probe  
  38  4:21  Probe x2  
  40  4:28  Charge  
  40  4:32  Gateway  
  40  4:33  Gateway  
  40  4:37  Probe x2, Gateway  
  42  4:58  Probe x2  
  38  5:02  Sentry x2  
  42  5:08  Assimilator  
  42  5:10  Probe x2  
  44  5:17  Forge  
  44  5:22  Probe x2  
  46  5:33  Zealot x5  
  56  5:45  Protoss Ground Weapons Level 1 (Chrono Boost)  
  56  5:51  Pylon  
  56  5:52  Pylon  
  56  5:59  Stalker x3  
  62  6:11  Sentry x2  
  66  6:12  Probe  
  66  6:13  Probe  
  68  6:25  Probe x2  
  70  6:26  Gateway  
  70  6:29  Gateway  
  70  6:36  Zealot  
  70  6:37  Zealot x3  
  78  6:49  Pylon  
  78  6:51  Pylon  
  78  6:53  Pylon  
  78  7:10  Zealot x4  
  78  7:11  Zealot  
  88  7:22  Protoss Ground Armor Level 1 (Chrono Boost)  
  88  7:27  Stalker x2  
  92  7:45  Zealot x4  
  100  8:01  Gateway  
  100  8:09  Zealot  
  102  8:15  Pylon  
  102  8:16  Pylon  
  102  8:17  Pylon  
  102  8:19  Pylon  
  100  8:22  Pylon  
  51  8:41  Zealot x5  
  49  8:42  Zealot  
  57  8:53  Robotics Facility  
  50  9:05  Protoss Ground Weapons Level 2 (Chrono Boost)  
  50  9:07  Stalker x5  
  50  9:30  Sentry x4  
  50  9:31  Sentry x2  
  62  9:41  Robotics Bay  
  62  9:42  Observer  
  63  9:54  Zealot x2  
  63  9:55  Zealot x3  
  69  10:10  Zealot  
  61  10:23  Cybernetics Core  
  47  10:31  Zealot x5  
  28  10:53  Zealot x2  
  28  10:54  Zealot  
  33  11:19  Cybernetics Core  
Tags
 
Matchup
PvZ
Opening
Pool First
Replay Pack
2017S4
Spawn Locations
Cross Positions
Add a new tag
Caveats
  • Supply blocks, unpowered buildings, or Contaminate may cause inaccurate times.
  • Supply counts are checked every 10 seconds.